WCHLSIM.com - West Coast Hockey League
html PUBLIC "-//W3C//DTD XHTML 1.0 Transitional//EN" "http://www.w3.org/TR/xhtml1/DTD/xhtml1-transitional.dtd"> WCHL - Game 276 - BANFF WOLVES vs PHOENIX MUSTANGS

BANFF WOLVES vs PHOENIX MUSTANGS

Created - 20 novembre 2022 at 22:26

Goals
1 2 3 T
BANFF WOLVES 0 0 1 1
PHOENIX MUSTANGS 2 0 1 3
Shots
1 2 3 T
BANFF WOLVES 1 12 6 19
PHOENIX MUSTANGS 12 4 12 28

1st period

1. PHOENIX MUSTANGS , Ryan O'Reilly 3 (Jeff Petry 3, Andrew Copp 7) at 5:48
2. PHOENIX MUSTANGS , John Tavares 9 (Teuvo Teravainen 17) at 9:49

Penalties :
Miro Heiskanen (BAN) for Interference (Minor) at 1:41, Jeremy Swayman (BAN) for Slashing (Minor) at 18:39 - Brady Tkachuk served the penalty.

2nd period

No Goal

Penalties :
Marcus Foligno (PHX) for Interference (Minor) at 4:19, Jeremy Lauzon (PHX) for Tripping (Minor) at 11:13, Nick Cousins (BAN) for High sticking (Minor) at 11:22, Jakub Voracek (BAN) for Hooking (Minor) at 16:41

3rd period

3. BANFF WOLVES , Miro Heiskanen 4 (Roope Hintz 16, Brady Tkachuk 10) at 13:23 (PP)
4. PHOENIX MUSTANGS , Ryan O'Reilly 4 (Teuvo Teravainen 18) at 17:39 (PP)

Penalties :
Jeremy Lauzon (PHX) for Boarding (Minor) at 9:07, Andrew Copp (PHX) for High sticking (Minor) at 12:35, Dougie Hamilton (BAN) for Slashing (Minor) at 15:49

Goalie Stats

Jeremy Swayman (BAN), 25 saves from 28 shots - (0,893), L, 3-5-1, 60:00 minutes
Jack Campbell (PHX), 18 saves from 19 shots - (0,947), W, 9-3-1, 60:00 minutes

Players Stats for BANFF WOLVES

Player Name              G  A  P  +/- PIM S  H  SB GA TA FO     MP     PP MP  PK MP  
------------------------------------------------------------------------------------
Alex Galchenyuk          0  0  0  -1  0   2  1  0  0  0  1/1    12:26   0:00   0:53 
Alex Tuch                0  0  0   0  0   5  0  1  0  0  1/1    17:23   2:30   0:00 
Alexander Romanov        0  0  0  -1  0   0  2  3  0  0  0/0    17:36   0:46   3:31 
Brady Tkachuk            0  1  1   0  0   1  3  0  0  0  0/0    19:38   2:30   2:01 
Brandon Montour          0  0  0  -1  0   0  0  3  0  0  0/0    18:05   3:25   1:21 
Dawson Mercer            0  0  0  -1  0   0  0  0  0  0  1/2    10:45   0:00   0:00 
Dougie Hamilton          0  0  0  -1  2   1  3  2  0  0  0/0    22:43   1:30   4:25 
Dryden Hunt              0  0  0   0  0   0  1  0  0  0  0/7     8:31   0:00   0:43 
Esa Lindell              0  0  0   0  0   0  4  1  0  0  0/0    21:08   1:30   2:37 
Jacob Bryson             0  0  0  -1  0   0  3  0  0  0  0/0    16:20   0:00   0:00 
Jakub Voracek            0  0  0  -1  2   1  0  0  0  0  0/0    15:05   2:25   0:00 
Joe Snively              0  0  0   0  0   0  0  0  0  0  0/0     7:48   0:00   0:00 
Logan O'Connor           0  0  0   0  0   1  0  0  0  0  0/0    11:03   0:00   3:15 
Miro Heiskanen           1  0  1   0  2   2  0  0  0  0  0/0    24:06   2:39   3:58 
Nick Cousins             0  0  0  -1  2   0  2  0  0  0  0/1    15:05   2:24   0:00 
Philipp Kurashev         0  0  0  -1  0   1  0  0  0  0  4/7    10:45   0:00   0:00 
Roope Hintz              0  1  1   0  0   5  0  0  0  0  11/26  20:35   2:30   3:17 
Sean Couturier           0  0  0  -1  0   0  0  3  0  0  16/28  21:08   2:25   5:43 

Players Stats for PHOENIX MUSTANGS

Player Name              G  A  P  +/- PIM S  H  SB GA TA FO     MP     PP MP  PK MP  
------------------------------------------------------------------------------------
Andrew Copp              0  1  1   1  2   4  2  0  0  0  3/4    19:40   4:25   2:15 
Clayton Keller           0  0  0   1  0   0  0  0  0  0  0/0    18:56   4:05   0:00 
Damon Severson           0  0  0   1  0   2  1  0  0  0  0/0    21:46   2:51   1:51 
Dustin Brown             0  0  0   1  0   0  2  0  0  0  0/0    16:08   3:48   0:00 
Erik Karlsson            0  0  0   1  0   2  1  0  0  0  0/0    25:11   5:05   3:04 
Jason Spezza             0  0  0   0  0   2  1  0  0  0  11/18  14:32   3:51   0:23 
Jeff Petry               0  1  1   1  0   0  2  0  0  0  0/0    22:57   2:51   3:04 
Jeremy Lauzon            0  0  0   0  4   0  1  2  0  0  0/0    13:01   0:00   0:00 
Jesper Fast              0  0  0   0  0   1  0  0  0  0  1/2    13:27   0:31   2:38 
John Tavares             1  0  1   1  0   3  1  0  0  0  18/28  21:41   4:05   2:17 
Jordan Greenway          0  0  0   0  0   0  0  0  0  0  0/0     9:07   0:36   0:00 
Marco Scandella          0  0  0   1  0   0  0  0  0  0  0/0    18:55   0:00   1:51 
Marcus Foligno           0  0  0   0  2   2  2  0  0  0  0/2    10:17   0:00   0:00 
Ondrej Kase              0  0  0   0  0   1  0  1  0  0  0/0     8:31   0:00   0:00 
Rasmus Asplund           0  0  0   0  0   0  0  1  0  0  1/8     8:31   0:00   0:00 
Ryan O'Reilly            2  0  2   1  0   8  0  0  0  0  5/10   16:49   4:29   0:00 
Teuvo Teravainen         0  2  2   1  0   3  0  0  0  0  0/1    20:03   2:27   2:17 
Ty Smith                 0  0  0   0  0   0  0  2  0  0  0/0    13:39   0:36   0:00 

3 Stars

1 - Ryan O'Reilly (PHX)
2 - John Tavares (PHX)
3 - Teuvo Teravainen (PHX)

Power Play

BANFF WOLVES - 1 on 4 Attempt(s) - 25,00%
PHOENIX MUSTANGS - 1 on 5 Attempt(s) - 20,00%

Penalty Kill

BANFF WOLVES - 4 on 5 Attempt(s) - 80,00% - Score 0 goal in Penalty Kill
PHOENIX MUSTANGS - 3 on 4 Attempt(s) - 75,00% - Score 0 goal in Penalty Kill

Team Stat

BANFF WOLVES - Hits : 19 - Faceoff Wins : 34 - Blocked Shots : 13 - Penalty Minutes : 10
PHOENIX MUSTANGS - Hits : 13 - Faceoff Wins : 39 - Blocked Shots : 6 - Penalty Minutes : 8

Official

Referees : Mitch Dunning and Dan Kelly
Linesman : Michel Cormier and Travis Gawryletz

Game Notes

No Game Note

Finance

Level 1 -- Attendance: 6500 (100,00%) -- Ticket Income 942 500 $
Level 2 -- Attendance: 5850 (100,00%) -- Ticket Income 409 500 $
Level 3 -- Attendance: 2912 (97,07%) -- Ticket Income 131 040 $
Level 4 -- Attendance: 4000 (100,00%) -- Ticket Income 140 000 $
Luxury Box -- Attendance: 1000 (100,00%) -- Ticket Income 250 000 $
Game was played at the Mustangs Palace.
Total Attendance: 20262 (99,57%)
Total Ticket Income: 1 873 040 $
Other Expense: 18 730 $
Total Income: 1 854 310 $

BANFF WOLVES

5 vs 5 Forward 
   Center                   Left Wing                Right Wing               Time % Phy DF OF 
 1 Roope Hintz              Brady Tkachuk            Alex Tuch                39     0   2  3  
 2 Sean Couturier           Nick Cousins             Jakub Voracek            36     1   3  1  
 3 Philipp Kurashev         Alex Galchenyuk          Dawson Mercer            18     1   3  1  
 4 Dryden Hunt              Joe Snively              Logan O'Connor           7      0   5  0  

5 vs 5 Defense 
   Defense                  Defense                                           Time % Phy DF OF 
 1 Miro Heiskanen           Esa Lindell                                       36     1   2  2  
 2 Dougie Hamilton          Jacob Bryson                                      34     1   2  2  
 3 Brandon Montour          Alexander Romanov                                 28     1   2  2  
 4 Miro Heiskanen           Esa Lindell                                       2      1   2  2  

PowerPlay Forward 
   Center                   Left Wing                Right Wing               Time % Phy DF OF 
 1 Roope Hintz              Brady Tkachuk            Alex Tuch                60     0   0  5  
 2 Sean Couturier           Nick Cousins             Jakub Voracek            40     0   1  4  

PowerPlay Defense
   Defense                  Defense                                           Time % Phy DF OF 
 1 Miro Heiskanen           Brandon Montour                                   52     0   0  5  
 2 Dougie Hamilton          Esa Lindell                                       48     0   1  4  

Penalty Kill 4 Players Forward 
   Center                   Wing                     Time % Phy DF OF 
 1 Sean Couturier           Brady Tkachuk            55     1   4  0  
 2 Roope Hintz              Logan O'Connor           45     1   4  0  

Penalty Kill 4 Players Defense
   Defense                  Defense                  Time % Phy DF OF 
 1 Alexander Romanov        Esa Lindell              55     1   4  0  
 2 Miro Heiskanen           Dougie Hamilton          45     1   4  0  

Penalty Kill - 3 Players Forward 
   Forward                                           Time % Phy DF OF 
 1 Roope Hintz                                       55     1   4  0  
 2 Sean Couturier                                    45     0   5  0  

Penalty Kill - 3 Players Defense
   Defense                  Defense                  Time % Phy DF OF 
 1 Miro Heiskanen           Esa Lindell              55     1   4  0  
 2 Dougie Hamilton          Alexander Romanov        45     1   4  0  

4 vs 4 Forward 
   Center                   Wing                     Time % Phy DF OF 
 1 Sean Couturier           Brady Tkachuk            55     1   4  0  
 2 Alex Galchenyuk          Alex Tuch                45     1   4  0  

4 vs 4 Defense
   Defense                  Defense                  Time % Phy DF OF 
 1 Brandon Montour          Esa Lindell              59     1   4  0  
 2 Dougie Hamilton          Miro Heiskanen           41     1   4  0  

Last Minutes Offensive
   Center                   Left Wing                Right Wing               Defense                  Defense                  
   Roope Hintz              Sean Couturier           Alex Tuch                Miro Heiskanen           Esa Lindell              

Last Minutes Defensive
   Center                   Left Wing                Right Wing               Defense                  Defense                  
   Roope Hintz              Sean Couturier           Alex Tuch                Miro Heiskanen           Esa Lindell              

Goaltenders
Starting : Jeremy Swayman           
Backup : John Gibson              

Extra Forwards
Normal : Sean Couturier, Roope Hintz, Brady Tkachuk - PP : Sean Couturier, Roope Hintz - PK : Roope Hintz
Extra Defensemen
Normal : Miro Heiskanen, Dougie Hamilton, Esa Lindell - PP : Miro Heiskanen - PK : Miro Heiskanen, Esa Lindell
Penalty Shots
Brady Tkachuk, Roope Hintz, Sean Couturier, Jakub Voracek, Alex Tuch
Custom OT Lines Forwards
Alex Galchenyuk, Roope Hintz, Alex Tuch, Philipp Kurashev, Jakub Voracek, Brady Tkachuk, Sean Couturier, Dawson Mercer, Logan O'Connor, Nick Cousins
Custom OT Lines Defensemen
Miro Heiskanen, Esa Lindell, Dougie Hamilton, Alexander Romanov, Brandon Montour

Scratches
Jamie Oleksiak (Suspend), Mats Zuccarello (Left Hand Injury), Vincent Trocheck (Left Hand Injury)

PHOENIX MUSTANGS

5 vs 5 Forward 
   Center                   Left Wing                Right Wing               Time % Phy DF OF 
 1 John Tavares             Teuvo Teravainen         Clayton Keller           32     0   2  3  
 2 Ryan O'Reilly            Andrew Copp              Dustin Brown             28     0   2  3  
 3 Jason Spezza             Marcus Foligno           Jesper Fast              24     0   3  2  
 4 Rasmus Asplund           Jordan Greenway          Ondrej Kase              16     0   3  2  

5 vs 5 Defense 
   Defense                  Defense                                           Time % Phy DF OF 
 1 Erik Karlsson            Jeff Petry                                        40     0   3  2  
 2 Damon Severson           Marco Scandella                                   40     0   3  2  
 3 Jeremy Lauzon            Ty Smith                                          20     0   3  2  
 4 Erik Karlsson            Jeremy Lauzon                                     0      0   3  2  

PowerPlay Forward 
   Center                   Left Wing                Right Wing               Time % Phy DF OF 
 1 John Tavares             Andrew Copp              Clayton Keller           65     0   1  4  
 2 Jason Spezza             Dustin Brown             Teuvo Teravainen         35     0   1  4  

PowerPlay Defense
   Defense                  Defense                                           Time % Phy DF OF 
 1 Erik Karlsson            Ryan O'Reilly                                     60     0   1  4  
 2 Damon Severson           Jeff Petry                                        40     0   1  4  

Penalty Kill 4 Players Forward 
   Center                   Wing                     Time % Phy DF OF 
 1 Andrew Copp              Jesper Fast              50     1   2  2  
 2 John Tavares             Teuvo Teravainen         50     1   2  2  

Penalty Kill 4 Players Defense
   Defense                  Defense                  Time % Phy DF OF 
 1 Marco Scandella          Damon Severson           58     1   2  2  
 2 Erik Karlsson            Jeff Petry               42     1   2  2  

Penalty Kill - 3 Players Forward 
   Forward                                           Time % Phy DF OF 
 1 Andrew Copp                                       50     0   4  1  
 2 Jesper Fast                                       50     0   4  1  

Penalty Kill - 3 Players Defense
   Defense                  Defense                  Time % Phy DF OF 
 1 Erik Karlsson            Damon Severson           50     0   4  1  
 2 Jeff Petry               Marco Scandella          50     0   4  1  

4 vs 4 Forward 
   Center                   Wing                     Time % Phy DF OF 
 1 John Tavares             Teuvo Teravainen         52     0   2  3  
 2 Andrew Copp              Clayton Keller           48     0   2  3  

4 vs 4 Defense
   Defense                  Defense                  Time % Phy DF OF 
 1 Jeff Petry               Erik Karlsson            52     0   2  3  
 2 Damon Severson           Marco Scandella          48     0   2  3  

Last Minutes Offensive
   Center                   Left Wing                Right Wing               Defense                  Defense                  
   John Tavares             Teuvo Teravainen         Clayton Keller           Erik Karlsson            Damon Severson           

Last Minutes Defensive
   Center                   Left Wing                Right Wing               Defense                  Defense                  
   Andrew Copp              Teuvo Teravainen         Jesper Fast              Damon Severson           Erik Karlsson            

Goaltenders
Starting : Jack Campbell            
Backup : Joonas Korpisalo         

Extra Forwards
Normal : Clayton Keller, Andrew Copp, John Tavares - PP : Ryan O'Reilly, Teuvo Teravainen - PK : Jesper Fast
Extra Defensemen
Normal : Damon Severson, Erik Karlsson, Jeff Petry - PP : Ty Smith - PK : Marco Scandella, Jeremy Lauzon
Penalty Shots
Clayton Keller, John Tavares, Ryan O'Reilly, Teuvo Teravainen, Dustin Brown
Custom OT Lines Forwards
John Tavares, Teuvo Teravainen, Clayton Keller, Ryan O'Reilly, Andrew Copp, Dustin Brown, Jordan Greenway, Marcus Foligno, Rasmus Asplund, Jason Spezza
Custom OT Lines Defensemen
Erik Karlsson, Damon Severson, Jeff Petry, Marco Scandella, Ty Smith

Scratches
Frederick Gaudreau (Right Wrist Injury), Vinni Lettieri (Healthy)

% Time on Ice - BANFF WOLVES

Lines # - Real PCT - Wanted PCT - Time Play
Normal Forward
1 - 31% - 39% - 14:05
2 - 28% - 36% - 12:41
3 - 24% - 18% - 10:45
4 - 17% - 7% - 7:48
Normal Defense
1 - 34% - 36% - 15:24
2 - 35% - 34% - 16:01
3 - 29% - 28% - 13:19
4 - 1% - 2% - 0:35
PP Forward
1 - 51% - 60% - 2:30
2 - 49% - 40% - 2:25
PP Defense
1 - 69% - 52% - 3:25
2 - 31% - 48% - 1:30
PK Forward
1 - 59% - 55% - 4:41
2 - 41% - 45% - 3:15
PK Defense
1 - 28% - 55% - 2:15
2 - 72% - 45% - 5:41
PK3 Forward
1 - 0% - 55%
2 - 0% - 45%
PK3 Defense
1 - 0% - 55%
2 - 0% - 45%
44 Forward
1 - 56% - 55% - 1:02
2 - 44% - 45% - 0:48
44 Defense
1 - 56% - 59% - 1:02
2 - 44% - 41% - 0:48
Last Minute Offensive  - 0:00
Last Minute Defensive  - 0:00
Total
Forward - 60:00
Defense - 60:00

% Time on Ice - PHOENIX MUSTANGS

Lines # - Real PCT - Wanted PCT - Time Play
Normal Forward
1 - 31% - 32% - 14:10
2 - 27% - 28% - 12:20
3 - 23% - 24% - 10:18
4 - 19% - 16% - 8:31
Normal Defense
1 - 35% - 40% - 15:53
2 - 36% - 40% - 16:23
3 - 29% - 20% - 13:03
4 - 0% - 0% - 0:00
PP Forward
1 - 63% - 65% - 4:58
2 - 37% - 35% - 2:58
PP Defense
1 - 64% - 60% - 5:05
2 - 36% - 40% - 2:51
PK Forward
1 - 54% - 50% - 2:38
2 - 46% - 50% - 2:17
PK Defense
1 - 38% - 58% - 1:51
2 - 62% - 42% - 3:04
PK3 Forward
1 - 0% - 50%
2 - 0% - 50%
PK3 Defense
1 - 0% - 50%
2 - 0% - 50%
44 Forward
1 - 63% - 52% - 1:09
2 - 37% - 48% - 0:41
44 Defense
1 - 63% - 52% - 1:09
2 - 37% - 48% - 0:41
Last Minute Offensive  - 0:00
Last Minute Defensive  - 0:00
Total
Forward - 60:00
Defense - 60:00

Play-by-Play

1st period


0:01 of 1st period - John Tavares wins face-off versus Roope Hintz in neutral zone.
1:02 of 1st period - Shot by Andrew Copp.
1:02 of 1st period - Shot Misses the Net.
1:04 of 1st period - Shot by Ryan O'Reilly.
1:04 of 1st period - Shot Misses the Net.
1:06 of 1st period - Shot by Andrew Copp.
1:06 of 1st period - Shot Blocked by Alex Tuch.
1:08 of 1st period - Shot by Dustin Brown.
1:08 of 1st period - Shot Misses the Net.
1:39 of 1st period - Andrew Copp is hit by Esa Lindell and loses puck.
1:41 of 1st period - Minor Penalty to Miro Heiskanen for Interference.
1:42 of 1st period - Sean Couturier wins face-off versus John Tavares in BANFF WOLVES zone.
2:16 of 1st period - Ryan O'Reilly is hit by Alexander Romanov and loses puck.
2:43 of 1st period - Shot by Teuvo Teravainen.
2:43 of 1st period - Shot Blocked by Brandon Montour.
2:45 of 1st period - Shot by Damon Severson.
2:45 of 1st period - Shot Misses the Net.
2:47 of 1st period - Shot by Teuvo Teravainen.
2:47 of 1st period - Shot Blocked by Sean Couturier.
4:34 of 1st period - Off-side.
4:35 of 1st period - Roope Hintz wins face-off versus Rasmus Asplund in neutral zone.
5:33 of 1st period - Shot by Andrew Copp.
5:33 of 1st period - Deflect By Dustin Brown.
5:33 of 1st period - Shot Misses the Net.
5:48 of 1st period - Shot by Ryan O'Reilly.
5:48 of 1st period - Goal by Ryan O'Reilly - BANFF WOLVES : 0 - PHOENIX MUSTANGS : 1.
5:49 of 1st period - John Tavares wins face-off versus Dryden Hunt in neutral zone.
5:54 of 1st period - Icing by Alexander Romanov.
5:55 of 1st period - John Tavares wins face-off versus Dryden Hunt in BANFF WOLVES zone.
7:04 of 1st period - Shot by Ryan O'Reilly.
7:04 of 1st period - Stopped by Jeremy Swayman without a rebound.
7:05 of 1st period - Sean Couturier wins face-off versus Marcus Foligno in BANFF WOLVES zone.
7:05 of 1st period - Jakub Voracek is hit by Marcus Foligno and loses puck.
7:43 of 1st period - Jason Spezza is hit by Jacob Bryson.
8:49 of 1st period - Clayton Keller is hit by Brady Tkachuk and loses puck.
9:01 of 1st period - Off-side.
9:02 of 1st period - Dawson Mercer wins face-off versus Rasmus Asplund in neutral zone.
9:09 of 1st period - Shot by Alex Galchenyuk.
9:09 of 1st period - Shot Misses the Net.
9:21 of 1st period - Shot by Ondrej Kase.
9:21 of 1st period - Shot Misses the Net.
9:23 of 1st period - Shot by Rasmus Asplund.
9:23 of 1st period - Shot Misses the Net.
9:25 of 1st period - Shot by Jeremy Lauzon.
9:25 of 1st period - Shot Blocked by Dougie Hamilton.
9:34 of 1st period - Off-side.
9:35 of 1st period - Sean Couturier wins face-off versus John Tavares in neutral zone.
9:49 of 1st period - Shot by John Tavares.
9:49 of 1st period - Goal by John Tavares - BANFF WOLVES : 0 - PHOENIX MUSTANGS : 2.
9:50 of 1st period - Jason Spezza wins face-off versus Dryden Hunt in neutral zone.
10:12 of 1st period - Jesper Fast is hit by Esa Lindell and loses puck.
10:26 of 1st period - Logan O'Connor is hit by Erik Karlsson and loses puck.
10:46 of 1st period - Jakub Voracek is hit by Jeff Petry and loses puck.
11:18 of 1st period - Icing by Brandon Montour.
11:19 of 1st period - John Tavares wins face-off versus Sean Couturier in BANFF WOLVES zone.
11:26 of 1st period - Shot by Clayton Keller.
11:26 of 1st period - Shot Blocked by Brandon Montour.
11:39 of 1st period - Off-side.
11:40 of 1st period - Andrew Copp wins face-off versus Roope Hintz in neutral zone.
11:40 of 1st period - Andrew Copp is hit by Brady Tkachuk.
11:48 of 1st period - Shot by Andrew Copp.
11:48 of 1st period - Stopped by Jeremy Swayman with a rebound.
12:26 of 1st period - Shot by Brady Tkachuk.
12:26 of 1st period - Shot Misses the Net.
12:54 of 1st period - Shot by Alex Galchenyuk.
12:54 of 1st period - Shot Misses the Net.
12:56 of 1st period - Shot by Alex Galchenyuk.
12:56 of 1st period - Shot Blocked by Ty Smith.
14:26 of 1st period - Shot by Rasmus Asplund.
14:26 of 1st period - Shot Misses the Net.
14:28 of 1st period - Shot by Jordan Greenway.
14:28 of 1st period - Deflect By Ondrej Kase.
14:28 of 1st period - Stopped by Jeremy Swayman without a rebound.
14:29 of 1st period - Jason Spezza wins face-off versus Roope Hintz in BANFF WOLVES zone.
14:29 of 1st period - Jason Spezza is hit by Esa Lindell.
14:49 of 1st period - Icing by Erik Karlsson.
14:50 of 1st period - Jason Spezza wins face-off versus Dawson Mercer in PHOENIX MUSTANGS zone.
14:50 of 1st period - Jason Spezza is hit by Alex Galchenyuk.
15:17 of 1st period - Off-side.
15:18 of 1st period - John Tavares wins face-off versus Sean Couturier in neutral zone.
15:21 of 1st period - Esa Lindell is hit by John Tavares.
16:24 of 1st period - Off-side.
16:25 of 1st period - Ryan O'Reilly wins face-off versus Roope Hintz in neutral zone.
16:55 of 1st period - Shot by Roope Hintz.
16:55 of 1st period - Stopped by Jack Campbell without a rebound.
16:56 of 1st period - Philipp Kurashev wins face-off versus Rasmus Asplund in PHOENIX MUSTANGS zone.
17:55 of 1st period - Shot by Teuvo Teravainen.
17:55 of 1st period - Stopped by Jeremy Swayman with a rebound.
18:09 of 1st period - Shot by Teuvo Teravainen.
18:09 of 1st period - Stopped by Jeremy Swayman without a rebound.
18:10 of 1st period - Jason Spezza wins face-off versus Roope Hintz in BANFF WOLVES zone.
18:10 of 1st period - Jason Spezza is hit by Dougie Hamilton.
18:39 of 1st period - Shot by Marcus Foligno.
18:39 of 1st period - Stopped by Jeremy Swayman without a rebound.
18:39 of 1st period - Minor Penalty to Jeremy Swayman for Slashing.
18:40 of 1st period - Sean Couturier wins face-off versus John Tavares in BANFF WOLVES zone.
19:03 of 1st period - Shot by Ryan O'Reilly.
19:03 of 1st period - Shot Misses the Net.
19:05 of 1st period - Shot by John Tavares.
19:05 of 1st period - Stopped by Jeremy Swayman with a rebound.
19:07 of 1st period - Shot by John Tavares.
19:07 of 1st period - Shot Blocked by Sean Couturier.
19:09 of 1st period - Shot by Erik Karlsson.
19:09 of 1st period - Shot Blocked by Esa Lindell.
19:15 of 1st period - Shot by Ryan O'Reilly.
19:15 of 1st period - Stopped by Jeremy Swayman with a rebound.
19:17 of 1st period - Shot by Andrew Copp.
19:17 of 1st period - Stopped by Jeremy Swayman without a rebound.
19:18 of 1st period - Sean Couturier wins face-off versus Teuvo Teravainen in BANFF WOLVES zone.
19:18 of 1st period - Sean Couturier is hit by Dustin Brown.
19:28 of 1st period - Sean Couturier is hit by Dustin Brown.
19:56 of 1st period - Shot by Damon Severson.
19:56 of 1st period - Stopped by Jeremy Swayman without a rebound.
19:57 of 1st period - Alex Galchenyuk wins face-off versus John Tavares in BANFF WOLVES zone.
Goals for this period are 0 for BANFF WOLVES vs 2 for PHOENIX MUSTANGS.
Shots for this period are 1 for BANFF WOLVES vs 12 for PHOENIX MUSTANGS.

2nd period


0:01 of 2nd period - Sean Couturier wins face-off versus John Tavares in neutral zone.
0:48 of 2nd period - Shot by Dryden Hunt.
0:48 of 2nd period - Deflect By Logan O'Connor.
0:48 of 2nd period - Stopped by Jack Campbell without a rebound.
0:49 of 2nd period - Rasmus Asplund wins face-off versus Philipp Kurashev in PHOENIX MUSTANGS zone.
0:51 of 2nd period - Icing by Jordan Greenway.
0:52 of 2nd period - Roope Hintz wins face-off versus Rasmus Asplund in PHOENIX MUSTANGS zone.
1:13 of 2nd period - Shot by Alex Tuch.
1:13 of 2nd period - Stopped by Jack Campbell without a rebound.
1:14 of 2nd period - Sean Couturier wins face-off versus John Tavares in PHOENIX MUSTANGS zone.
2:10 of 2nd period - Icing by Esa Lindell.
2:11 of 2nd period - Sean Couturier wins face-off versus Ryan O'Reilly in BANFF WOLVES zone.
2:11 of 2nd period - Sean Couturier is hit by Andrew Copp.
2:30 of 2nd period - Shot by Andrew Copp.
2:30 of 2nd period - Shot Misses the Net.
2:32 of 2nd period - Shot by Ryan O'Reilly.
2:32 of 2nd period - Shot Misses the Net.
2:40 of 2nd period - Shot by Ryan O'Reilly.
2:40 of 2nd period - Stopped by Jeremy Swayman without a rebound.
2:41 of 2nd period - Roope Hintz wins face-off versus Jason Spezza in BANFF WOLVES zone.
2:57 of 2nd period - Shot by Roope Hintz.
2:57 of 2nd period - Stopped by Jack Campbell without a rebound.
2:58 of 2nd period - John Tavares wins face-off versus Philipp Kurashev in PHOENIX MUSTANGS zone.
3:23 of 2nd period - John Tavares is hit by Alexander Romanov and loses puck.
3:36 of 2nd period - Shot by Teuvo Teravainen.
3:36 of 2nd period - Shot Blocked by Alexander Romanov.
3:38 of 2nd period - Shot by Erik Karlsson.
3:38 of 2nd period - Stopped by Jeremy Swayman without a rebound.
3:39 of 2nd period - Ryan O'Reilly wins face-off versus Roope Hintz in BANFF WOLVES zone.
4:06 of 2nd period - Shot by Roope Hintz.
4:06 of 2nd period - Stopped by Jack Campbell without a rebound.
4:07 of 2nd period - Jason Spezza wins face-off versus Dryden Hunt in PHOENIX MUSTANGS zone.
4:19 of 2nd period - Minor Penalty to Marcus Foligno for Interference.
4:20 of 2nd period - John Tavares wins face-off versus Roope Hintz in PHOENIX MUSTANGS zone.
4:31 of 2nd period - Shot by Miro Heiskanen.
4:31 of 2nd period - Stopped by Jack Campbell without a rebound.
4:32 of 2nd period - John Tavares wins face-off versus Roope Hintz in PHOENIX MUSTANGS zone.
6:51 of 2nd period - Shot by Dawson Mercer.
6:51 of 2nd period - Shot Blocked by Ondrej Kase.
6:53 of 2nd period - Shot by Dawson Mercer.
6:53 of 2nd period - Deflect By Philipp Kurashev.
6:53 of 2nd period - Stopped by Jack Campbell without a rebound.
6:54 of 2nd period - John Tavares wins face-off versus Dryden Hunt in PHOENIX MUSTANGS zone.
6:54 of 2nd period - John Tavares is hit by Dryden Hunt.
8:33 of 2nd period - Shot by Brady Tkachuk.
8:33 of 2nd period - Stopped by Jack Campbell without a rebound.
8:34 of 2nd period - Jason Spezza wins face-off versus Sean Couturier in PHOENIX MUSTANGS zone.
9:05 of 2nd period - Shot by Jesper Fast.
9:05 of 2nd period - Shot Misses the Net.
10:15 of 2nd period - Icing by Damon Severson.
10:16 of 2nd period - Roope Hintz wins face-off versus John Tavares in PHOENIX MUSTANGS zone.
10:25 of 2nd period - Shot by Roope Hintz.
10:25 of 2nd period - Stopped by Jack Campbell with a rebound.
10:27 of 2nd period - Shot by Alex Tuch.
10:27 of 2nd period - Stopped by Jack Campbell without a rebound.
10:28 of 2nd period - Roope Hintz wins face-off versus Ryan O'Reilly in PHOENIX MUSTANGS zone.
10:31 of 2nd period - Shot by Roope Hintz.
10:31 of 2nd period - Stopped by Jack Campbell without a rebound.
10:32 of 2nd period - Ryan O'Reilly wins face-off versus Roope Hintz in PHOENIX MUSTANGS zone.
10:39 of 2nd period - Icing by Jacob Bryson.
10:40 of 2nd period - Andrew Copp wins face-off versus Roope Hintz in BANFF WOLVES zone.
11:11 of 2nd period - Shot by Alex Tuch.
11:11 of 2nd period - Stopped by Jack Campbell without a rebound.
11:12 of 2nd period - Sean Couturier wins face-off versus Jesper Fast in PHOENIX MUSTANGS zone.
11:13 of 2nd period - Shot by Jakub Voracek.
11:13 of 2nd period - Stopped by Jack Campbell without a rebound.
11:13 of 2nd period - Minor Penalty to Jeremy Lauzon for Tripping.
11:14 of 2nd period - Sean Couturier wins face-off versus John Tavares in PHOENIX MUSTANGS zone.
11:19 of 2nd period - Shot by Sean Couturier.
11:19 of 2nd period - Shot Misses the Net.
11:22 of 2nd period - Minor Penalty to Nick Cousins for High sticking.
11:23 of 2nd period - Sean Couturier wins face-off versus John Tavares in BANFF WOLVES zone.
11:30 of 2nd period - Shot by Brady Tkachuk.
11:30 of 2nd period - Shot Misses the Net.
11:33 of 2nd period - Icing by Jeff Petry.
11:34 of 2nd period - John Tavares wins face-off versus Sean Couturier in PHOENIX MUSTANGS zone.
11:34 of 2nd period - John Tavares is hit by Brady Tkachuk.
13:11 of 2nd period - Icing by Damon Severson.
13:12 of 2nd period - Andrew Copp wins face-off versus Sean Couturier in PHOENIX MUSTANGS zone.
14:19 of 2nd period - Shot by Dryden Hunt.
14:19 of 2nd period - Shot Misses the Net.
14:56 of 2nd period - Icing by Alexander Romanov.
14:57 of 2nd period - John Tavares wins face-off versus Dryden Hunt in BANFF WOLVES zone.
16:41 of 2nd period - Minor Penalty to Jakub Voracek for Hooking.
16:42 of 2nd period - Jason Spezza wins face-off versus Sean Couturier in BANFF WOLVES zone.
16:42 of 2nd period - Jason Spezza is hit by Dougie Hamilton.
16:44 of 2nd period - Shot by Ryan O'Reilly.
16:44 of 2nd period - Stopped by Jeremy Swayman without a rebound.
16:45 of 2nd period - Jason Spezza wins face-off versus Sean Couturier in BANFF WOLVES zone.
17:12 of 2nd period - Shot by Jesper Fast.
17:12 of 2nd period - Stopped by Jeremy Swayman without a rebound.
17:13 of 2nd period - Roope Hintz wins face-off versus Jason Spezza in BANFF WOLVES zone.
17:19 of 2nd period - Icing by Erik Karlsson.
17:20 of 2nd period - Sean Couturier wins face-off versus Jason Spezza in PHOENIX MUSTANGS zone.
17:28 of 2nd period - Icing by Andrew Copp.
17:29 of 2nd period - Jason Spezza wins face-off versus Sean Couturier in PHOENIX MUSTANGS zone.
17:52 of 2nd period - Logan O'Connor is hit by Andrew Copp and loses puck.
18:01 of 2nd period - Shot by Ryan O'Reilly.
18:01 of 2nd period - Shot Misses the Net.
19:17 of 2nd period - Shot by Sean Couturier.
19:17 of 2nd period - Shot Blocked by Ty Smith.
19:19 of 2nd period - Shot by Sean Couturier.
19:19 of 2nd period - Deflect By Jakub Voracek.
19:19 of 2nd period - Shot Misses the Net.
19:21 of 2nd period - Shot by Sean Couturier.
19:21 of 2nd period - Shot Blocked by Jeremy Lauzon.
19:32 of 2nd period - Off-side.
19:33 of 2nd period - John Tavares wins face-off versus Philipp Kurashev in neutral zone.
19:56 of 2nd period - Off-side.
19:57 of 2nd period - Roope Hintz wins face-off versus Marcus Foligno in neutral zone.
Goals for this period are 0 for BANFF WOLVES vs 0 for PHOENIX MUSTANGS.
Shots for this period are 12 for BANFF WOLVES vs 4 for PHOENIX MUSTANGS.

3rd period


0:01 of 3rd period - Ryan O'Reilly wins face-off versus Roope Hintz in neutral zone.
0:09 of 3rd period - Icing by Miro Heiskanen.
0:10 of 3rd period - Roope Hintz wins face-off versus Jason Spezza in BANFF WOLVES zone.
0:10 of 3rd period - Roope Hintz is hit by Marcus Foligno.
0:26 of 3rd period - Shot by Alex Tuch.
0:26 of 3rd period - Stopped by Jack Campbell with a rebound.
0:59 of 3rd period - Icing by Esa Lindell.
1:00 of 3rd period - Roope Hintz wins face-off versus Ryan O'Reilly in BANFF WOLVES zone.
1:46 of 3rd period - Off-side.
1:47 of 3rd period - John Tavares wins face-off versus Sean Couturier in neutral zone.
2:04 of 3rd period - Shot by Clayton Keller.
2:04 of 3rd period - Shot Misses the Net.
3:03 of 3rd period - Shot by Alex Galchenyuk.
3:03 of 3rd period - Stopped by Jack Campbell with a rebound.
3:47 of 3rd period - Shot by Andrew Copp.
3:47 of 3rd period - Stopped by Jeremy Swayman without a rebound.
3:48 of 3rd period - Jason Spezza wins face-off versus Roope Hintz in BANFF WOLVES zone.
3:48 of 3rd period - Jason Spezza is hit by Dougie Hamilton.
4:54 of 3rd period - Shot by Ryan O'Reilly.
4:54 of 3rd period - Shot Misses the Net.
4:56 of 3rd period - Shot by Andrew Copp.
4:56 of 3rd period - Shot Misses the Net.
5:10 of 3rd period - Shot by Ryan O'Reilly.
5:10 of 3rd period - Shot Blocked by Brandon Montour.
7:25 of 3rd period - Shot by Clayton Keller.
7:25 of 3rd period - Deflect By John Tavares.
7:25 of 3rd period - Stopped by Jeremy Swayman without a rebound.
7:26 of 3rd period - Sean Couturier wins face-off versus Ryan O'Reilly in BANFF WOLVES zone.
7:56 of 3rd period - Shot by Andrew Copp.
7:56 of 3rd period - Stopped by Jeremy Swayman without a rebound.
7:57 of 3rd period - John Tavares wins face-off versus Roope Hintz in BANFF WOLVES zone.
8:22 of 3rd period - Shot by John Tavares.
8:22 of 3rd period - Shot Misses the Net.
8:45 of 3rd period - Clayton Keller is hit by Esa Lindell and loses puck.
9:06 of 3rd period - Shot by Sean Couturier.
9:06 of 3rd period - Shot Misses the Net.
9:07 of 3rd period - Minor Penalty to Jeremy Lauzon for Boarding.
9:08 of 3rd period - Sean Couturier wins face-off versus Andrew Copp in PHOENIX MUSTANGS zone.
11:15 of 3rd period - Icing by Ty Smith.
11:16 of 3rd period - Philipp Kurashev wins face-off versus Rasmus Asplund in PHOENIX MUSTANGS zone.
11:54 of 3rd period - Shot by Ondrej Kase.
11:54 of 3rd period - Shot Misses the Net.
11:56 of 3rd period - Shot by Jordan Greenway.
11:56 of 3rd period - Shot Misses the Net.
12:28 of 3rd period - Shot by Ryan O'Reilly.
12:28 of 3rd period - Stopped by Jeremy Swayman with a rebound.
12:30 of 3rd period - Shot by Damon Severson.
12:30 of 3rd period - Stopped by Jeremy Swayman with a rebound.
12:32 of 3rd period - Shot by Damon Severson.
12:32 of 3rd period - Shot Misses the Net.
12:35 of 3rd period - Minor Penalty to Andrew Copp for High sticking.
12:36 of 3rd period - John Tavares wins face-off versus Roope Hintz in PHOENIX MUSTANGS zone.
12:44 of 3rd period - Icing by Brady Tkachuk.
12:45 of 3rd period - Roope Hintz wins face-off versus John Tavares in BANFF WOLVES zone.
13:21 of 3rd period - Shot by Brady Tkachuk.
13:21 of 3rd period - Deflect By Roope Hintz.
13:21 of 3rd period - Shot Misses the Net.
13:23 of 3rd period - Shot by Miro Heiskanen.
13:23 of 3rd period - Goal by Miro Heiskanen - BANFF WOLVES : 1 - PHOENIX MUSTANGS : 2.
13:24 of 3rd period - Ryan O'Reilly wins face-off versus Nick Cousins in neutral zone.
13:34 of 3rd period - Andrew Copp is hit by Nick Cousins and loses puck.
13:54 of 3rd period - Ryan O'Reilly is hit by Nick Cousins and loses puck.
14:35 of 3rd period - Shot by Dougie Hamilton.
14:35 of 3rd period - Stopped by Jack Campbell without a rebound.
14:36 of 3rd period - Jesper Fast wins face-off versus Roope Hintz in PHOENIX MUSTANGS zone.
14:41 of 3rd period - Shot by Jason Spezza.
14:41 of 3rd period - Stopped by Jeremy Swayman without a rebound.
14:42 of 3rd period - Alex Tuch wins face-off versus Jason Spezza in BANFF WOLVES zone.
15:05 of 3rd period - Shot by Jesper Fast.
15:05 of 3rd period - Shot Blocked by Alexander Romanov.
15:07 of 3rd period - Shot by Marcus Foligno.
15:07 of 3rd period - Shot Blocked by Alexander Romanov.
15:17 of 3rd period - Shot by Jason Spezza.
15:17 of 3rd period - Stopped by Jeremy Swayman without a rebound.
15:18 of 3rd period - John Tavares wins face-off versus Sean Couturier in BANFF WOLVES zone.
15:25 of 3rd period - Shot by Teuvo Teravainen.
15:25 of 3rd period - Stopped by Jeremy Swayman without a rebound.
15:26 of 3rd period - John Tavares wins face-off versus Sean Couturier in BANFF WOLVES zone.
15:26 of 3rd period - John Tavares is hit by Jacob Bryson.
15:30 of 3rd period - Shot by Clayton Keller.
15:30 of 3rd period - Shot Blocked by Sean Couturier.
15:32 of 3rd period - Shot by Damon Severson.
15:32 of 3rd period - Shot Blocked by Dougie Hamilton.
15:34 of 3rd period - Shot by John Tavares.
15:34 of 3rd period - Shot Misses the Net.
15:49 of 3rd period - Minor Penalty to Dougie Hamilton for Slashing.
15:50 of 3rd period - Sean Couturier wins face-off versus Jason Spezza in BANFF WOLVES zone.
16:21 of 3rd period - Shot by Erik Karlsson.
16:21 of 3rd period - Stopped by Jeremy Swayman without a rebound.
16:22 of 3rd period - John Tavares wins face-off versus Sean Couturier in BANFF WOLVES zone.
17:31 of 3rd period - Shot by Ryan O'Reilly.
17:31 of 3rd period - Stopped by Jeremy Swayman without a rebound.
17:32 of 3rd period - Sean Couturier wins face-off versus Jason Spezza in BANFF WOLVES zone.
17:32 of 3rd period - Sean Couturier is hit by Jason Spezza.
17:39 of 3rd period - Shot by Ryan O'Reilly.
17:39 of 3rd period - Goal by Ryan O'Reilly - BANFF WOLVES : 1 - PHOENIX MUSTANGS : 3.
17:40 of 3rd period - Philipp Kurashev wins face-off versus Rasmus Asplund in neutral zone.
17:43 of 3rd period - Shot by Alex Galchenyuk.
17:43 of 3rd period - Stopped by Jack Campbell without a rebound.
17:44 of 3rd period - Philipp Kurashev wins face-off versus Rasmus Asplund in PHOENIX MUSTANGS zone.
17:44 of 3rd period - Philipp Kurashev is hit by Damon Severson.
17:46 of 3rd period - Shot by Dawson Mercer.
17:46 of 3rd period - Shot Misses the Net.
18:02 of 3rd period - Shot by Dawson Mercer.
18:02 of 3rd period - Shot Blocked by Rasmus Asplund.
19:05 of 3rd period - Shot by Marcus Foligno.
19:05 of 3rd period - Stopped by Jeremy Swayman without a rebound.
19:06 of 3rd period - Roope Hintz wins face-off versus Ryan O'Reilly in BANFF WOLVES zone.
19:12 of 3rd period - Roope Hintz is hit by Jeremy Lauzon and loses puck.
19:15 of 3rd period - Shot by Roope Hintz.
19:15 of 3rd period - Shot Blocked by Jeremy Lauzon.
19:25 of 3rd period - Shot by Alex Tuch.
19:25 of 3rd period - Stopped by Jack Campbell without a rebound.
19:26 of 3rd period - Jason Spezza wins face-off versus Dryden Hunt in PHOENIX MUSTANGS zone.
19:30 of 3rd period - Marcus Foligno is hit by Jacob Bryson and loses puck.
19:40 of 3rd period - Dryden Hunt is hit by Jeff Petry.
Goals for this period are 1 for BANFF WOLVES vs 1 for PHOENIX MUSTANGS.
Shots for this period are 6 for BANFF WOLVES vs 12 for PHOENIX MUSTANGS.


AUSTON
MATTHEWS
JOEL
ERIKSSON
MATHEW
BARZAL

EAST COAST

HOCKEY LEAGUE

  • 21.PIT7MAN3
  • 22.ATL3NHW4
  • 23.WOR5PET4
  • 24.3RHI4
  • 25.QUECHI
  • 26.CHALIM
  • 27.TRVLON
  • 28.CHWBAL